 Dungeon Crawl Stone Soup version 0.25.0-9-g26727b657a (webtiles) character file.

Game seed: 8185180208283615471

1094 theswoord the Carver (level 8, -5/56 HPs)
             Began as a Demonspawn Gladiator on June 16, 2020.
             Was a Follower of Wu Jian.
             Slain by an ancient zyme (6 damage)
             ... on level 5 of the Dungeon.
             The game lasted 00:09:45 (5797 turns).

theswoord the Carver (Demonspawn Gladiator)         Turns: 5797, Time: 00:09:46

Health: -5/56      AC: 13    Str: 23    XL:     8   Next: 10%
Magic:  0/8        EV: 11    Int:  9    God:    Wu Jian [*.....]
Gold:   262        SH:  0    Dex: 15    Spells: 7/7 levels left

rFire    . . .     SeeInvis .   a - +0 long sword
rCold    . . .     Gourm    .   (no shield)
rNeg     . . .     Faith    .   r - +0 scale mail
rPois    .         Spirit   +   c - +0 helmet
rElec    .         Reflect  .   (no cloak)
rCorr    .         Harm     .   (no gloves)
MR       .....                  (no boots)
Stlth    ..........             (no amulet)
HPRegen  0.00/turn              p - +6 ring of strength
MPRegen  0.11/turn              (no ring)

@: about to teleport, sanguine armour, non-regenerating, diseased
A: talons 2, demonic guardian 1, magic shield, sanguine armour 1
a: Renounce Religion


You were on level 5 of the Dungeon.
You worshipped Wu Jian.
Wu Jian was aware of your devotion.
You were not hungry.

You visited 1 branch of the dungeon, and saw 5 of its levels.
You also visited: Sewer.

You collected 262 gold pieces.

Inventory:

Hand Weapons
 a - a +0 long sword (weapon)
Missiles
 d - 3 throwing nets (quivered)
Armour
 b - a +0 leather armour
 c - a +0 helmet (worn)
 h - a +0 pair of boots
 r - a +0 scale mail (worn)
Jewellery
 p - a +6 ring of strength (left hand)
 q - an uncursed ring of fire
Scrolls
 g - 5 scrolls of identify
 i - a scroll of amnesia
 j - a scroll of fog
 o - 3 scrolls of teleportation
Potions
 e - a potion of stabbing
 m - 4 potions of flight
Comestibles
 f - 9 rations


   Skills:
 - Level 2.0 Fighting
 + Level 9.2 Long Blades
 - Level 1.7 Throwing
 - Level 2.6 Dodging


You had 7 spell levels left.
You didn't know any spells.
Your spell library contained the following spells:

 Spells                   Type           Power        Failure   Level  Hunger
 Animate Skeleton         Necr           N/A          73%         1    ##.....
 Pain                     Necr           #...         73%         1    ##.....
 Summon Small Mammal      Summ           #...         73%         1    ##.....
 Call Imp                 Summ           #.......     86%         2    ###....
 Call Canine Familiar     Summ           #.......     97%         3    ####...
 Summon Guardian Golem    Hex/Summ       #.......     97%         3    ####...
 Vampiric Draining        Necr           #.........   97%         3    ####...
 Animate Dead             Necr           N/A          100%        4    #####..
 Summon Ice Beast         Ice/Summ       #.......     100%        4    #####..
 Summon Lightning Spire   Summ/Air       #.......     100%        4    #####..
 Agony                    Necr           #.......     100%        5    ######.


Dungeon Overview and Level Annotations

Branches:
Dungeon (5/15)             Temple (0/1) D:5           Sewer (visited)

Altars:
Cheibriados
Hepliaklqana
Kikubaaqudgha
Makhleb
Qazlal
Uskayaw
Wu Jian
The Shining One

Portals:
Abyss: D:5

Annotations:
D:5 1 transporter


Innate Abilities, Weirdness & Mutations

You have razor-sharp toenails.
A weak demonic guardian rushes to your aid.
When hurt, damage is shared between your health and your magic reserves.
When seriously injured, your bleeding wounds create armour. (AC +6)


Message History

You hit the ancient zyme but do no damage.
The ancient zyme is heavily damaged.
Your quasit bites the ancient zyme but does no damage.
Your quasit claws the ancient zyme but does no damage. x2
The ancient zyme hits you but does no damage.
The ancient zyme closely misses you.
Your quasit barely misses the ancient zyme.
Your quasit closely misses the ancient zyme.
Your quasit claws the ancient zyme but does no damage.
The small abomination closely misses your quasit.
The ancient zyme hits you.
* * * LOW HITPOINT WARNING * * *
The ancient zyme hits you!
* * * LOW HITPOINT WARNING * * *
Your quasit bites the ancient zyme but does no damage.
Your quasit claws the ancient zyme but does no damage.
Your quasit claws the ancient zyme.
The small abomination closely misses your quasit.
The ancient zyme barely misses you. The ancient zyme hits you.
You die...

#..#.©###...###?##...# ###.####.#
#..##.$ ##..#..#.#.### #...<.##.#
#...#.#..####.# ##.#####.###.##(#
#..##.#......# ##...>....# #....#
#.##.####.....##..#.####.###.####
#©#x.# ∩..##.#©..#.# #.....#
#.#### .###.#.###...# ###.###
#..# .##.###.x5##..# #.#
#..##..#....##.#@#..# #.#
..##.#.###...##x.#..# #.######
..#.#.#.:##..##5##.## #......<
..##....."#..#..#..##############
...####.###..##©#..)...........##
.#....####....###....<.###.###...
####...##..#.......###.# #.# ####
.....#.......###...# #.# #.# #.
####.###.....# #...# #.###.#####.


You could see an ancient zyme, a small abomination and 2 friendly quasits.

Vanquished Creatures
  A small abomination (D:5)
  2 ogres (D:4)
  A big kobold (Sewer)
  A howler monkey (D:4)
  A crimson imp (D:5)
  A hound (D:5)
  An orc wizard (D:5)
  An iguana (D:5)
  Terence (D:2)
  A worker ant (D:5)
  A mummy (D:4)
  2 gnolls (D:2)
  9 adders
  A river rat (Sewer)
  A shadow imp (D:5)
  An ooze (D:4)
  3 adder zombies (D:5)
  An adder skeleton (D:2)
  3 worms
  11 dart slugs
  8 leopard geckos
  11 orcs
  4 bats
  7 giant cockroaches
  9 goblins
  6 hobgoblins
  9 jackals
  4 quokkas
  A ball python (D:1)
  13 frilled lizards
  A giant cockroach zombie (D:5)
  9 kobolds
  A quokka skeleton (D:5)
  16 rats
143 creatures vanquished.

Vanquished Creatures (collateral kills)
  The ghost of vurker the Chiller, a novice OpIE (D:5)
  A gnoll (D:2)
  A kobold (Sewer)
3 creatures vanquished.

Grand Total: 146 creatures vanquished

Notes
Turn   | Place    | Note
-------+----------+-------------------------------------------
     0 | D:1      | theswoord the Demonspawn Gladiator began the quest for the
                  | Orb.
     0 | D:1      | Reached XP level 1. HP: 16/16 MP: 1/1
    80 | D:1      | Reached skill level 3 in Long Blades
    83 | D:1      | Gained mutation: You have sharp toenails. [demonic
                  | ancestry]
    83 | D:1      | Reached XP level 2. HP: 11/22 MP: 2/2
   548 | D:1      | Reached XP level 3. HP: 27/27 MP: 3/3
   772 | D:1      | Reached skill level 4 in Long Blades
  1623 | D:2      | Noticed Terence
  1641 | D:2      | Killed Terence
  1641 | D:2      | Gained mutation: A weak demonic guardian rushes to your
                  | aid. [demonic ancestry]
  1641 | D:2      | Reached XP level 4. HP: 19/33 MP: 4/4
  1785 | D:2      | Found a hazy altar of Hepliaklqana.
  2330 | D:3      | Reached skill level 5 in Long Blades
  2451 | D:3      | Gained mutation: You have razor-sharp toenails. [demonic
                  | ancestry]
  2451 | D:3      | Reached XP level 5. HP: 37/38 MP: 5/5
  2510 | D:3      | Found an ancient bone altar of Kikubaaqudgha.
  3231 | D:4      | Found a burning altar of Makhleb.
  3231 | D:4      | Found a stormy altar of Qazlal.
  3231 | D:4      | Found a hide-covered altar of Uskayaw.
  3231 | D:4      | Found an ornate altar of the Wu Jian Council.
  3231 | D:4      | Noticed an ogre
  3237 | D:4      | Killed an ogre
  3237 | D:4      | Reached skill level 6 in Long Blades
  3237 | D:4      | Gained mutation: When seriously injured, your bleeding
                  | wounds create armour. (AC +6) [demonic ancestry]
  3237 | D:4      | Reached XP level 6. HP: 28/44 MP: 6/6
  3244 | D:4      | Became a worshipper of the Wu Jian Council
  3453 | D:4      | Found a glowing golden altar of the Shining One.
  3862 | D:4      | Found a glowing drain.
  3978 | Sewer    | Entered a sewer
  4230 | Sewer    | Found a white marble altar of Elyvilon.
  4499 | D:4      | Reached skill level 7 in Long Blades
  4504 | D:4      | Gained mutation: When hurt, damage is shared between your
                  | health and your magic reserves. [demonic ancestry]
  4504 | D:4      | Reached XP level 7. HP: 23/50 MP: 7/7
  4677 | D:4      | Found a snail-covered altar of Cheibriados.
  4704 | D:5      | Entered Level 5 of the Dungeon
  4728 | D:5      | Reached * piety under Wu Jian
  4766 | D:5      | Found a transporter.
  4799 | D:5      | Noticed a small abomination
  4948 | D:5      | Found a transporter.
  4949 | D:5      | Noticed an ancient zyme
  4958 | D:5      | Found a one-way gate to the infinite horrors of the Abyss.
  4958 | D:5      | Noticed vurker's ghost (novice OpIE)
  5133 | D:5      | Found a staircase to the Ecumenical Temple.
  5413 | D:5      | Found a hazy altar of Hepliaklqana.
  5530 | D:5      | Reached skill level 8 in Long Blades
  5774 | D:5      | Killed a small abomination
  5785 | D:5      | Killed vurker's ghost
  5785 | D:5      | Reached skill level 9 in Long Blades
  5785 | D:5      | Reached XP level 8. HP: 24/56 MP: 2/8
  5796 | D:5      | HP: 1/56 [ancient zyme (9)]
  5797 | D:5      | Slain by an ancient zyme

Skill      XL: |  1  2  3  4  5  6  7 |
---------------+----------------------+-----
Long Blades    | 3 4 5 6 7 9 |  9.2
Fighting       | |  2.0
Throwing       | |  1.7
Dodging        | |  2.6

Action                   |  1- 3 |  4- 6 |  7- 9 || total
-------------------------+-------+-------+-------++-------
Melee: Long sword        |    93 |   171 |   114 ||   378
       Kick              |    24 |    54 |    42 ||   120
Invok: Lunge             |       |    13 |     5 ||    18
       Whirlwind         |       |       |     1 ||     1
  Use: Scroll            |       |     7 |     2 ||     9
       Potion            |       |     3 |     2 ||     5
 Stab: Sleeping          |       |     1 |       ||     1
  Eat: Chunk             |     2 |    10 |     4 ||    16
Armor: Leather armour    |    37 |     2 |       ||    39
       Scale mail        |       |    55 |    42 ||    97
Dodge: Dodged            |    78 |    80 |    52 ||   210
       Rpst.: Long sword |    22 |    25 |    18 ||    65

Levels and vault maps discovered:
D:1:      elethiomel_arrival_infinity_welcomes_careful_drivers,
          layout_loops_ring, hangedman_abyss_or_decor_stabs,
          minmay_tree_intersection, minmay_lizard_pond
D:2:      layout_loops_cross, lemuel_doored_altar, minmay_misc_feat_nine_boxes,
          uniq_terence
D:3:      kennysheep_slugbush, layout_basic, kiku_gazebo_garden_becter
D:4:      layout_basic, overflow_temple_1_default,
          chequers_temple_overflow_statue_of_worship, portal_sewer_entry_d,
          chei_slow_surprise
D:5:      layout_loops_ring, minmay_temple_entry_antechambers,
          gammafunk_ghost_abyssal_escape, basic_altar, first_ration
